[Event "CZE Extraliga 2019-20"]
[Site "Czech Republic"]
[Date "2019.10.13"]
[Round "2.8"]
[White "SLA14 Svanda Ondrej FM"]
[Black "Kuba, Jindrich"]
[Result "1/2-1/2"]
[ECO "B81"]
[WhiteElo "2262"]
[BlackElo "2295"]
[Annotator "NA"]
[PlyCount "42"]
[EventDate "2019.09.15"]
[EventType "team-tourn"]
[EventCountry "CZE"]
[SourceTitle "playchess.com"]
[Source "ChessBase"]
[SourceQuality "1"]
[TimeControl "40/5400+30:1800+30"]

1. e4 c5 2. Nf3 e6 3. d4 cxd4 4. Nxd4 Nf6 5. Nc3 d6 6. g4 h6 7. Rg1 Nc6 8. Be3 d5 9. exd5 Nxd5 10. Nxd5 Qxd5 11. c3 Nxd4 12. Qxd4 Qxd4 13. Bxd4 Bd7 14. Bg2 Bc6 15. Bxc6+ bxc6 16. O-O-O c5 17. Be5 Rd8 18. Rxd8+ Kxd8 19. c4 h5 20. h3 hxg4 21. hxg4 Rh3 1/2-1/2